 Dungeon Crawl Stone Soup version 0.27.1-2-g3b301248ec (webtiles) character file.

Game seed: 12182675590536168988

34 Borgoz the Skirmisher (level 3, 0/24 HPs)
             Began as a Gargoyle Berserker on Sept 27, 2021.
             Was a Follower of Trog.
             Slain by a gnoll (2 damage)
             ... on level 2 of the Dungeon.
             The game lasted 00:01:10 (887 turns).

Borgoz the Skirmisher (Gargoyle Berserker)           Turns: 887, Time: 00:01:11

Health: 0/24       AC:  9    Str: 21    XL:     3   Next: 31%
Magic:  3/3        EV: 11    Int:  7    God:    Trog [*.....]
Gold:   11         SH:  0    Dex: 15    Spells: 2/2 levels left

rFire    . . .     SeeInvis .   a - +1 mace
rCold    . . .     Faith    .   (no shield)
rNeg     + . .     Spirit   .   d - +1 ring mail
rPois    ∞         Reflect  .   (no helmet)
rElec    +         Harm     .   (no cloak)
rCorr    .         Rampage  .   (no gloves)
Will     .....                  (no boots)
Stlth    +.........             (no amulet)
HPRegen  0.08/turn              f - +6 ring of dexterity
MPRegen  0.08/turn              (no ring)

@: no status effects
A: sickness immunity, AC +3, negative energy resistance 1, electricity
resistance, torment resistance 1, petrification resistance
a: Renounce Religion, Berserk


You were on level 2 of the Dungeon.
You worshipped Trog.
Trog was aware of your devotion.
You visited 1 branch of the dungeon, and saw 2 of its levels.

You collected 11 gold pieces.

Inventory:

Hand Weapons
 a - a +1 mace (weapon)
Armour
 d - a +1 ring mail (worn)
Jewellery
 f - a +6 ring of dexterity (left hand)
Potions
 b - a potion of might {unknown}
 c - a potion of attraction
 e - a potion of curing {unknown}
 g - 2 potions of haste {unknown}


   Skills:
 + Level 3.7 Fighting
 + Level 3.3 Maces & Flails
 + Level 2.7 Armour
 + Level 2.0 Dodging


You had 2 spell levels left.
You didn't know any spells.
Your spell library was empty.

Dungeon Overview and Level Annotations

Branches:
Dungeon (2/15)

Altars:


Innate Abilities, Weirdness & Mutations

You are immune to sickness and miasma.
Your stone body is resilient. (AC +3)
You are immune to poison.
You resist negative energy. (rN+)
You are resistant to electric shocks. (rElec)
You are resistant to unholy torment.
You are immune to petrification.


Message History

The gnoll is severely wounded.
An orc priest comes into view. It is wielding a +0 hand axe.
The gnoll closely misses you.
A gnoll comes into view. It is wielding a +0 spear.
You sock the gnoll!
You kill the gnoll!
Trog accepts your kill.
An orc comes into view. It is wielding a +0 club.
Your Dodging skill increases to level 2!
You have reached level 3!
Your experience leads to an increase in your attributes!
Your base attributes are Str 20, Int 7, Dex 9.
Increase (S)trength, (I)ntelligence, or (D)exterity?
You feel stronger.
There are monsters nearby!
The orc shouts!
The orc closely misses you.
The gnoll hits you from afar with a +0 spear.
The orc priest looks encouraged for a moment.
The orc wizard casts a spell at you. The puff of flame misses you.
The orc wizard casts a spell.
The orc wizard flickers and vanishes!
Deactivating autopickup; reactivate with Ctrl-A.
There is a stone staircase leading up here.
You sock the orc!
You kill the orc!
Trog accepts your kill.
Something tries to affect you, but you resist.
The gnoll barely misses you.
The gnoll hits you from afar with a +0 spear.
The gnoll barely misses you. x2
The gnoll hits you but does no damage.
The gnoll hits you from afar with a +0 spear.
The gnoll hits you from afar with a +0 halberd!
* * * LOW HITPOINT WARNING * * *
The gnoll hits you from afar with a +0 spear.
* * * LOW HITPOINT WARNING * * *
The gnoll hits you from afar with a +0 spear.
You die...

#.# #.## # #.#
#..##.#g. #.#
####........
#.####.##.)## #
#...........#.#..
##.......oo.......
#........gg#.#.##.
#........).go.....
#...###.#@.###.###
#####.......#......#
###..............#####
#................#
#######.............
#..######..... #..#
#.#### #### #.#


You could see an orc priest, 3 gnolls and 2 orcs.

Vanquished Creatures
  A gnoll (D:2)
  A dart slug (D:1)
  An orc (D:2)
  2 endoplasms (D:1)
  A giant cockroach (D:1)
  A goblin (D:1)
  3 hobgoblins (D:1)
  A kobold (D:1)
  2 ball pythons (D:1)
  3 bats (D:1)
  A frilled lizard (D:1)
  3 rats (D:1)
  A spectral kobold (D:1)
21 creatures vanquished.

Notes
Turn   | Place    | Note
-------+----------+-------------------------------------------
     0 | D:1      | Borgoz the Gargoyle Berserker began the quest for the Orb.
     0 | D:1      | Reached XP level 1. HP: 14/14 MP: 1/1
   167 | D:1      | Reached XP level 2. HP: 17/19 MP: 2/2
   248 | D:1      | Found a faded altar of an unknown god.
   876 | D:2      | Reached XP level 3. HP: 24/24 MP: 3/3
   887 | D:2      | Slain by a gnoll

Illustrated notes

Levels and vault maps discovered:
D:1:      scummos_arrival_hexagon, layout_loops_ring,
          dreamdust_ecumenical_altar_drowned_temple, chequers_garden
D:2:      layout_basic, basic_altar, minmay_tromino_v4_a, uniq_natasha

Skill      XL: |  1  2 |
---------------+-------+-----
Dodging        | 2 |  2.0
Fighting       | |  3.7
Maces & Flails | |  3.3
Armour         | |  2.7

Action                   || total
-------------------------++-------
Melee: Mace              ||    70
  Use: Scroll            ||     5
Armor: Ring mail         ||    44
Dodge: Dodged            ||    59
